 Dungeon Crawl Stone Soup version 0.19.1 (webtiles) character file.

179 Darkmans the Conjurer (level 5, 7/38 HPs)
             Began as a Draconian Conjurer on Nov 30, 2016.
             Quit the game on level 4 of the Dungeon.
             The game lasted 00:11:54 (4168 turns).

Darkmans the Conjurer (Draconian Conjurer)          Turns: 4168, Time: 00:11:55

Health: 7/38       AC:  6    Str: 10    XL:     5   Next: 32%
Magic:  1/8        EV: 13    Int: 16    God:
Gold:   198        SH:  0    Dex: 12    Spells: 3 memorised, 2 levels left

rFire  . . .     SeeInvis .     i - +0 whip
rCold  . . .     Gourm    .     (armour unavailable)
rNeg   . . .     Faith    .     (no shield)
rPois  .         Spirit   .     (helmet restricted)
rElec  .         Reflect  .     (no cloak)
rCorr  .         Harm     .     u - +0 pair of gloves
MR     .....                    (no boots)
Stlth  +.........               (no amulet)
                                d - ring of wizardry
                                g - ring of flight

@: very slightly contaminated, hasted, glowing, very quick
A: unfitting armour, cold-blooded, AC +5
a: Evoke Flight


You were on level 4 of the Dungeon.
You were hungry.

You visited 1 branch of the dungeon, and saw 5 of its levels.

You collected 198 gold pieces.

Inventory:

Hand Weapons
 i - a +0 whip (weapon)
Missiles
 j - 64 stones (quivered)
Armour
 u - a +0 pair of gloves (worn)
Jewellery
 d - a ring of wizardry (right hand)
 g - a ring of flight (left hand)
 o - a +5 ring of slaying
 v - a +2 ring of strength
Wands
 x - a wand of lightning (12/15)
Scrolls
 e - a scroll of random uselessness
 h - 3 scrolls of remove curse
 m - a scroll of blinking {unknown}
 n - a scroll of fog {unknown}
 r - a scroll of fear {unknown}
 s - a scroll of enchant armour {unknown}
 t - a scroll of amnesia {unknown}
 y - 2 scrolls of identify
Potions
 q - a potion of curing
 w - a potion of lignification
Books
 a - a book of Conjurations

   Spells                             Type                      Level
   a - Magic Dart                     Conjuration                  1
   b - Searing Ray                    Conjuration                  2
   c - Dazzling Spray                 Conjuration/Hexes            3
   d - Fulminant Prism                Conjuration/Hexes            4
   e - Iskenderun's Mystic Blast      Conjuration                  4
   f - Iskenderun's Battlesphere      Conjuration/Charms           5
Comestibles
 b - 5 bread rations
 c - a beef jerky
 p - a meat ration


   Skills:
 + Level 2.9 Dodging
 - Level 1.8 Stealth
 - Level 2.0 Spellcasting
 * Level 6.1 Conjurations


You had 2 spell levels left.
You knew the following spells:

 Your Spells              Type           Power        Failure   Level  Hunger
a - Magic Dart            Conj           ###.         1%          1    #......
b - Searing Ray           Conj           ###...       1%          2    ###....
c - Dazzling Spray        Conj/Hex       ##....       7%          3    ###....


Dungeon Overview and Level Annotations

Branches:
Dungeon (5/15)
 Temple: D:4-7

Altars:
Elyvilon

Annotations:
D:4 Sigmund


Innate Abilities, Weirdness & Mutations

Your plain brown scales are hard. (AC +5)
You cannot fit into any form of body armour.
You are cold-blooded and may be slowed by cold attacks.


Message History

The gnoll barely misses you. The gnoll hits you. The gnoll closely misses you.
The gnoll shaman calls upon its god to heal the gnoll.
The gnoll is healed somewhat.
The gnoll hits you.
* * * LOW HITPOINT WARNING * * *
Okay, then.
As you read the scroll labeled XYTHAX ALYCLO, it crumbles to dust.
You hear a loud clanging noise!
It was a scroll of noise.
You hear an angry hiss.
You hear a shout! x3
The gnoll misses you.
It was a potion of cure mutation.
It has a very clean taste.
The gnoll hits you.
* * * LOW HITPOINT WARNING * * *
It was a potion of haste.
You feel yourself speed up. The gnoll hits you but does no damage.
You are very lightly contaminated with residual magic.
Are you sure you want to abandon this character and quit the game? (Confirm with "yes".)

########## #........# ##
#()..)...# #.#
######>.....รท.# #.#
####..@gg........# #.###
##....########.########
#...#.##.###########.........
#.#.#.##.#............######
#.....#..#.# ########......#
#...###.#..# ######...
#.........## #.# #.......###
#.. #......## ###


You could see a gnoll shaman and a gnoll.

Vanquished Creatures
  A worker ant (D:4)
  A gnoll (D:4)
  6 adders
  5 dart slugs
  4 leopard geckos
  4 orcs (D:3)
  4 giant cockroaches
  7 goblins
  7 hobgoblins
  6 jackals
  4 ball pythons
  8 bats
  3 frilled lizards
  8 kobolds
  7 rats
75 creatures vanquished.

Vanquished Creatures (others)
  An adder (D:2)
1 creature vanquished.

Grand Total: 76 creatures vanquished

Notes
Turn   | Place    | Note
-------+----------+-------------------------------------------
     0 | D:1      | Darkmans the Draconian Conjurer began the quest for the Orb.
     0 | D:1      | Reached XP level 1. HP: 14/14 MP: 3/3
   472 | D:1      | Reached XP level 2. HP: 20/20 MP: 0/5
   701 | D:1      | Learned a level 2 spell: Searing Ray
  1260 | D:1      | Reached XP level 3. HP: 26/26 MP: 2/6
  1712 | D:2      | Learned a level 3 spell: Dazzling Spray
  1872 | D:2      | Found a white marble altar of Elyvilon.
  2011 | D:2      | Reached skill level 5 in Conjurations
  2433 | D:2      | Reached XP level 4. HP: 33/33 MP: 5/7
  3663 | D:4      | Noticed Sigmund
  3722 | D:4      | Reached XP level 5. HP: 21/38 MP: 4/8
  3786 | D:4      | Reached skill level 6 in Conjurations
  4017 | D:5      | Entered Level 5 of the Dungeon
  4168 | D:4      | Quit the game

Skill      XL: |  1  2  3  4  5 |
---------------+----------------+-----
Dodging        | 2 |  2.9
Conjurations   | 5 6 |  6.1
Stealth        | |  1.8
Spellcasting   | |  2.0

Action                   |  1- 3 |  4- 6 || total
-------------------------+-------+-------++-------
Melee: Unarmed           |     1 |       ||     1
       Whip              |    17 |    19 ||    36
       Tailslap          |     4 |     1 ||     5
 Cast: Magic Dart        |    90 |    55 ||   145
       Searing Ray       |       |     2 ||     2
  Use: Scroll            |     2 |     4 ||     6
       Potion            |       |     2 ||     2
 Stab: Sleeping          |       |     1 ||     1
  Eat: Chunk             |     6 |     6 ||    12
Armor: Skin              |    11 |     9 ||    20
Dodge: Dodged            |    22 |    30 ||    52
